 Dungeon Crawl Stone Soup version 0.19-a0-459-gb8ed64d (webtiles) character file.

133230 ololoev the Eclecticist (level 16, -13/83 HPs)
             Began as a Deep Elf Fire Elementalist on June 1, 2016.
             Was the Champion of Sif Muna.
             Mangled by an Executioner (23 damage)
             ... on level 3 of the Abyss on June 2, 2016.
             The game lasted 02:17:58 (11413 turns).

ololoev the Eclecticist (DEFE)                     Turns: 11413, Time: 02:17:59

Health: -13/83     AC: 13    Str:  5    XL:     16   Next: 29%
Magic:  35/40      EV: 23    Int: 28    God:    Sif Muna [******]
Gold:   971        SH:  0    Dex: 15    Spells: 9 memorised, 20 levels left

rFire  + + .     SeeInvis .     (weapon currently unavailable)
rCold  + + .     Gourm    .     (armour currently unavailable)
rNeg   + + +     Faith    .     (shield currently unavailable)
rPois  +         Spirit   .     (helmet currently unavailable)
rElec  +         Dismiss  .     (cloak currently unavailable)
rCorr  +         Reflect  .     (gloves currently unavailable)
SustAt .         Harm     .     (boots currently unavailable)
MR     +....                    (amulet currently unavailable)
Stlth  +.........               (ring currently unavailable)
                                (ring currently unavailable)

@: confused, about to teleport, wisp-form, flying, quick, somewhat resistant to
hostile enchantments, very unstealthy
A: regeneration 1
a: Channel Energy, Forget Spell, Renounce Religion
}: 1/15 runes: gossamer


Innate Abilities, Weirdness & Mutations

Your natural rate of healing is unusually fast.

Inventory:

Hand Weapons
 x - the +7 rapier of a Spat {pierce, Fragile +Blink rPois Dex+8, unknown}
   (You found it on level 2 of the Abyss)

   It inflicts extra damage upon your enemies.
   It affects your dexterity (+8).
   It protects you from poison.
   It lets you blink.
   It will be destroyed if unequipped.
Armour
 b - the +0 pair of boots of Valiance (melded) {rPois rCorr}
   (You bought it in a shop on level 7 of the Dungeon)

   It protects you from poison.
   It protects you from acid and corrosion.
 k - the +3 buckler "Ynnat" (melded) {rC+}
   (You acquired it on level 6 of the Lair of Beasts)

   It protects you from cold.
 n - a +0 troll leather armour (melded)
 o - a cursed -2 helmet (melded)
 y - the +2 pair of gloves of Poikk (melded) {Dex+4}
   (You acquired it on level 6 of the Lair of Beasts)

   It affects your dexterity (+4).
 B - a +2 robe of magic resistance
Magical Staves
 a - an uncursed staff of power (melded)
Jewellery
 g - a ring of see invisible (melded)
 z - an uncursed ring of wizardry
 M - the ring of Robustness (melded) {AC+8}
   (You found it on level 7 of the Lair of Beasts)

   [ring of protection]

   It affects your AC (+8).
Wands
 m - a wand of disintegration (24/24)
 s - a wand of disintegration (10/24)
 F - a wand of teleportation (4/9)
 K - a wand of teleportation (4/9)
Scrolls
 f - a scroll of immolation {unknown}
 h - 3 scrolls of enchant weapon {unknown}
 j - 3 scrolls of remove curse
 l - 4 scrolls of recharging
 q - 2 scrolls of teleportation
 G - 2 scrolls of enchant armour
 H - a scroll of magic mapping
 N - a scroll of brand weapon {unknown}
Potions
 d - a potion of cure mutation
 p - 3 potions of might
 r - a potion of lignification {unknown}
 u - 2 potions of resistance
 v - 3 potions of brilliance
 A - a potion of flight
Books
 D - Sif Muna's Reference Book on Twisted Confrontation
   (Sif Muna gifted it to you on level 4 of the Spider Nest)

   Spells                             Type                      Level
   a - Sublimation of Blood           Necromancy                   2
   b - Bolt of Fire                   Conjuration/Fire             6
   c - Lehudib's Crystal Spear        Conjuration/Earth            8
   d - Necromutation                  Transmutation/Necromancy     8
 L - Sif Muna's Disquisition on Battle Magic
   (Sif Muna gifted it to you on level 7 of the Lair of Beasts)

   Spells                             Type                      Level
   a - Searing Ray                    Conjuration                  2
   b - Conjure Flame                  Conjuration/Fire             3
   c - Throw Icicle                   Conjuration/Ice              4
   d - Iskenderun's Battlesphere      Conjuration/Charms           5
   e - Fire Storm                     Conjuration/Fire             9
Miscellaneous
 e - a phial of floods
 i - a legendary deck of war
 t - a box of beasts {used: 5}
Comestibles
 c - 3 bread rations
 w - 13 fruits
 C - 5 slices of pizza


   Skills:
 + Level 3.0 Fighting
 + Level 5.5 Dodging
 - Level 2.4 Stealth
 - Level 4.9 Shields
 * Level 18.6 Spellcasting
 * Level 16.5 Conjurations
 * Level 16.4 Fire Magic
 + Level 2.7 Earth Magic
 + Level 10.9 Invocations


You had 20 spell levels left.
You knew the following spells:

 Your Spells              Type           Power        Failure   Level  Hunger
a - Fireball              Conj/Fire      #######...   1%          5    None
b - Conjure Flame         Conj/Fire      #######.     0%          3    None
c - Sticky Flame          Conj/Fire      #######.     1%          4    None
d - Bolt of Fire          Conj/Fire      #######...   1%          6    ##.....
e - Inner Flame           Hex/Fire       ######..     1%          3    None
k - Blink                 Tloc           N/A          2%          2    None
p - Apportation           Tloc           ####......   1%          1    None
q - Delayed Fireball      Conj/Fire      N/A          1%          7    ####...
s - Iron Shot             Conj/Erth      ######....   6%          6    ##.....


You were on level 3 of the Abyss.
You worshipped Sif Muna.
Sif Muna was exalted by your worship.
You were not hungry.
You were an insubstantial wisp.
You visited 5 branches of the dungeon, and saw 27 of its levels.
You visited the Abyss 1 time.
You also visited: Ossuary and Ice Cave.

You collected 1227 gold pieces.
You spent 256 gold pieces at shops. .# .. #. #. ###### #∩##XX..## #2Xv2GXXx#

#x#1zX#xX#
#X..X2G.##..#
z#..#X.#§.+..#
#G#..JJ.#.##..#
###..X.J###..##
x......XG....#
§#####X..###
x#GzG#..##

Notes
Turn   | Place    | Note
--------------------------------------------------------------
     0 | D:1      | ololoev the Deep Elf Fire Elementalist began the quest for the Orb.
     0 | D:1      | Reached XP level 1. HP: 10/10 MP: 6/6
   146 | D:3      | Reached XP level 2. HP: 14/15 MP: 1/8
   246 | D:5      | Entered Level 5 of the Dungeon
   274 | D:6      | Reached XP level 3. HP: 10/19 MP: 6/10
   307 | D:6      | Learned a level 3 spell: Conjure Flame
   311 | D:6      | Learned a level 3 spell: Inner Flame
   338 | D:6      | Noticed a giant frog
   362 | D:6      | Noticed a giant frog
   363 | D:6      | Noticed an ogre
   411 | D:6      | Found a sand-covered staircase.
   419 | Ossuary  | Entered an ossuary
   433 | Ossuary  | Reached skill level 4 in Spellcasting
   433 | Ossuary  | Reached XP level 4. HP: 22/24 MP: 8/12
   439 | Ossuary  | Learned a level 4 spell: Sticky Flame
   466 | Ossuary  | Reached XP level 5. HP: 23/28 MP: 5/13
   580 | Ossuary  | Reached skill level 5 in Spellcasting
   580 | Ossuary  | Reached XP level 6. HP: 12/32 MP: 3/15
   598 | Ossuary  | Reached skill level 5 in Conjurations
   620 | Ossuary  | HP: 1/32 [centaur zombie (2)]
   685 | Ossuary  | Reached skill level 5 in Fire Magic
   685 | Ossuary  | Reached XP level 7. HP: 4/36 MP: 2/17
   778 | Ossuary  | Reached skill level 6 in Spellcasting
   980 | D:4      | Found a shattered altar of Ashenzari.
   989 | D:4      | Found a stormy altar of Qazlal.
   989 | D:4      | Found a sacrificial altar of Ru.
   990 | D:4      | Found a white marble altar of Elyvilon.
   994 | D:4      | Found an iron altar of Okawaru.
  1004 | D:4      | Found a staircase to the Ecumenical Temple.
  1010 | Temple   | Entered the Ecumenical Temple
  1056 | D:4      | Learned a level 5 spell: Fireball
  1271 | D:4      | Found Womuygec's Weapon Emporium.
  1551 | D:4      | Found an oddly glowing altar of Pakellas.
  1576 | D:4      | Found Debem's Armour Emporium.
  1638 | D:4      | Reached XP level 8. HP: 32/41 MP: 12/20
  1911 | D:5      | Reached skill level 7 in Spellcasting
  2130 | D:6      | Found Zeigyeh's Serpentskin Sales.
  2150 | D:6      | Reached skill level 8 in Spellcasting
  2202 | D:6      | Found an ancient bone altar of Kikubaaqudgha.
  2273 | D:7      | Found a deep blue altar of Sif Muna.
  2276 | D:7      | Became a worshipper of Sif Muna the Loreminder
  2491 | D:7      | Noticed Joseph
  2502 | D:7      | Noticed Pikel
  2511 | D:7      | Killed Joseph
  2511 | D:7      | Reached * piety under Sif Muna
  2511 | D:7      | Reached skill level 1 in Invocations
  2511 | D:7      | Reached XP level 9. HP: 26/45 MP: 23/23
  2524 | D:7      | Found Wurakhlof's Antique Armour Emporium.
  2540 | D:7      | Reached skill level 9 in Spellcasting
  2566 | D:7      | Killed Pikel
  2772 | D:7      | Reached ** piety under Sif Muna
  2798 | D:7      | Reached skill level 10 in Spellcasting
  2876 | D:7      | Found an opulent altar of Gozag.
  2920 | D:7      | Bought a pair of steaming boots for 256 gold pieces
  2925 | D:7      | Identified the +0 pair of boots of Valiance {rPois rCorr} (You bought it in a shop on level 7 of the Dungeon)
  2931 | D:8      | Found a snail-covered altar of Cheibriados.
  3133 | D:8      | Reached XP level 10. HP: 50/50 MP: 20/26
  3157 | D:8      | Reached skill level 10 in Conjurations
  3181 | D:8      | Reached *** piety under Sif Muna
  3221 | D:8      | Found a staircase to the Lair.
  3363 | D:9      | Found a glowing golden altar of the Shining One.
  3377 | D:9      | Reached skill level 11 in Spellcasting
  3476 | D:9      | Found a hide-covered altar of Uskayaw.
  3497 | D:9      | Found a blossoming altar of Fedhas.
  3557 | D:10     | Entered Level 10 of the Dungeon
  3557 | D:10     | Noticed Maud
  3737 | D:9      | Noticed a hill giant
  3849 | D:9      | Killed a hill giant
  3849 | D:9      | Reached **** piety under Sif Muna
  3849 | D:9      | Reached skill level 10 in Fire Magic
  3850 | D:9      | Noticed a cyan ugly thing
  3853 | D:9      | Killed a cyan ugly thing
  3853 | D:9      | Reached skill level 5 in Invocations
  3975 | D:9      | Reached skill level 12 in Spellcasting
  4096 | D:8      | Noticed Grum
  4107 | D:8      | Reached XP level 11. HP: 52/54 MP: 10/29
  4113 | D:8      | Killed Grum
  4160 | Lair:1   | Entered Level 1 of the Lair of Beasts
  4167 | Lair:1   | Noticed Harold
  4176 | Lair:1   | Killed Harold
  4211 | Lair:1   | Reached ***** piety under Sif Muna
  4280 | Lair:1   | Noticed Gastronok
  4331 | Lair:1   | Killed Gastronok
  4672 | Lair:3   | Reached skill level 13 in Spellcasting
  4845 | Lair:3   | Reached ****** piety under Sif Muna
  4845 | Lair:3   | Received a gift from Sif Muna
  4883 | Lair:3   | Identified Sif Muna's Almanac of the Icy Blaze (Sif Muna gifted it to you on level 3 of the Lair of Beasts)
  4891 | Lair:3   | Learned a level 6 spell: Bolt of Fire
  4899 | Lair:3   | Learned a level 7 spell: Delayed Fireball
  5189 | Lair:3   | Reached XP level 12. HP: 59/59 MP: 14/31
  5410 | Lair:5   | Reached skill level 14 in Spellcasting
  5735 | Lair:4   | Received a gift from Sif Muna
  5736 | Lair:4   | Identified Sif Muna's Catalogue of the Supportive Arsonist (Sif Muna gifted it to you on level 4 of the Lair of Beasts)
  5744 | Lair:4   | Learned a level 5 spell: Bolt of Magma
  6068 | Lair:5   | Noticed a five-headed hydra
  6079 | Lair:5   | Killed a five-headed hydra
  6148 | Lair:6   | Noticed a seven-headed hydra
  6157 | Lair:6   | Killed a seven-headed hydra
  6486 | Lair:7   | Noticed a death yak
  6648 | Lair:7   | Reached XP level 13. HP: 63/63 MP: 22/33
  6671 | Lair:7   | Reached skill level 15 in Spellcasting
  6799 | Lair:7   | Received a gift from Sif Muna
  6804 | Lair:7   | Identified Sif Muna's Disquisition on Battle Magic (Sif Muna gifted it to you on level 7 of the Lair of Beasts)
  6900 | Lair:7   | Upgraded the game from 0.19-a0-450-g98b348d to 0.19-a0-459-gb8ed64d
  6938 | Lair:8   | Entered Level 8 of the Lair of Beasts
  7098 | Lair:8   | Noticed a fire dragon
  7136 | Lair:7   | Learned a level 4 spell: Throw Icicle
  7218 | Lair:8   | Gained mutation: Your natural rate of healing is unusually fast. [potion of beneficial mutation]
  7240 | Lair:8   | Killed a fire dragon
  7541 | Lair:8   | Found a staircase to the Slime Pits.
  7541 | Lair:8   | Found a viscous altar of Jiyva.
  7599 | Lair:7   | Reached skill level 16 in Spellcasting
  7658 | Lair:6   | Identified 3 scrolls of acquirement
  7664 | Lair:6   | Got a pair of faintly humming gloves
  7675 | Lair:6   | Identified the +2 pair of gloves of Poikk {Dex+4} (You acquired it on level 6 of the Lair of Beasts)
  7678 | Lair:6   | Got a bloodstained buckler
  7684 | Lair:6   | Identified the +3 buckler "Ynnat" {rC+} (You acquired it on level 6 of the Lair of Beasts)
  7986 | Lair:4   | Found a hole to the Spider Nest.
  7991 | Lair:4   | Reached skill level 1 in Shields
  8092 | Spider:1 | Entered Level 1 of the Spider Nest
  8245 | Spider:1 | Received a gift from Sif Muna
  8250 | Spider:1 | Reached XP level 14. HP: 33/68 MP: 4/36
  8268 | Spider:1 | Identified Sif Muna's Incunabulum of Ice and Hexes (Sif Muna gifted it to you on level 1 of the Spider Nest)
  8424 | Spider:2 | Noticed an emperor scorpion
  8448 | Spider:2 | Killed an emperor scorpion
  8573 | Spider:2 | Learned a level 1 spell: Apportation
  8576 | Spider:2 | Learned a level 2 spell: Blink
  8662 | Spider:3 | Reached skill level 17 in Spellcasting
  8705 | Spider:3 | Reached skill level 15 in Conjurations
  8903 | Spider:4 | Entered Level 4 of the Spider Nest
  8903 | Spider:4 | Noticed Arachne
  9021 | Spider:4 | Killed Arachne
  9021 | Spider:4 | Reached skill level 15 in Fire Magic
  9026 | Spider:4 | Noticed Norris
  9081 | Spider:4 | Noticed an emperor scorpion
  9081 | Spider:4 | Noticed an emperor scorpion
  9258 | Spider:4 | Killed Norris
  9258 | Spider:4 | Received a gift from Sif Muna
  9258 | Spider:4 | Reached skill level 10 in Invocations
  9258 | Spider:4 | Reached XP level 15. HP: 41/72 MP: 16/38
  9259 | Spider:4 | Identified Sif Muna's Reference Book on Twisted Confrontation (Sif Muna gifted it to you on level 4 of the Spider Nest)
  9597 | Spider:3 | Reached skill level 1 in Fighting
  9608 | Spider:3 | DEFE: Симулякры оче круты конечно
  9616 | Spider:3 | ololoev: особенно когда они заполняют весь экран
  9616 | Spider:3 | ololoev: lolo
  9616 | Spider:3 | DEFE: 6 левел а по убойности сравним с девятками
  9653 | Spider:4 | Noticed Donald
  9655 | Spider:4 | Noticed a ghost moth
  9662 | Spider:4 | Killed Donald
  9662 | Spider:4 | Killed a ghost moth
  9881 | Spider:4 | Reached skill level 18 in Spellcasting
  9945 | Spider:3 | DEFE: лол
  9960 | Spider:3 | DEFE: арон дракон оказывается узявимы
  9966 | Spider:3 | DEFE: к болту дрейна
  9966 | Spider:3 | ololoev: уязвим в смысле рН-?
 10035 | Spider:4 | Noticed a ghost moth
 10049 | Spider:4 | Killed a ghost moth
 10057 | Spider:4 | DEFE: не
 10059 | Spider:4 | DEFE: рН- не бывает
 10061 | Spider:4 | DEFE: просте не защиты
 10178 | Spider:4 | Got a gossamer rune of Zot
 10237 | Spider:2 | Noticed a ghost moth
 10241 | Spider:2 | Killed a ghost moth
 10241 | Spider:2 | Received a gift from Sif Muna
 10247 | Spider:2 | Identified Sif Muna's Guide on Combat Magic and Envenoming (Sif Muna gifted it to you on level 2 of the Spider Nest)
 10255 | Spider:2 | Learned a level 6 spell: Iron Shot
 10449 | Lair:3   | Found a staircase to the Shoals.
 10484 | Shoals:1 | Entered Level 1 of the Shoals
 10495 | Shoals:1 | Found a frozen archway.
 10509 | IceCv    | Entered an ice cave
 10521 | IceCv    | Noticed Hipnos's ghost (journeyman GrEE)
 10553 | IceCv    | Killed Hipnos's ghost
 10749 | IceCv    | Noticed an Ice Fiend
 10761 | IceCv    | Killed an Ice Fiend
 10761 | IceCv    | Reached skill level 1 in Earth Magic
 10981 | Shoals:1 | Reached XP level 16. HP: 81/81 MP: 33/40
 11014 | Shoals:2 | Reached skill level 5 in Dodging
 11289 | Shoals:4 | Entered Level 4 of the Shoals
 11295 | Shoals:4 | Cast into level 2 of the Abyss (merfolk impaler)
 11313 | Abyss:2  | jacquesderrida: dovai
 11314 | Abyss:2  | Got a warped rapier
 11375 | Abyss:2  | Noticed an Executioner
 11401 | Abyss:3  | Noticed an Executioner
 11413 | Abyss:3  | Mangled by an Executioner

Dungeon Overview and Level Annotations

Branches:
Dungeon (10/15)            Temple (1/1) D:4            Lair (8/8) D:8
 Shoals (4/4) Lair:3       Spider (4/4) Lair:4        Slime (0/6) Lair:8
    Orc: D:9-12

Altars:
Ashenzari
Cheibriados
Dithmenos
Elyvilon
Fedhas
Gozag
Hepliaklqana
Kikubaaqudgha
Makhleb
Okawaru
Pakellas
Qazlal
Ru
Sif Muna
Trog
Uskayaw
Xom
Yredelemnul
The Shining One
Jiyva
Lugonu

Shops:
D:4 ([   D:6 *   D:7 [

Annotations:
D:9 exclusion: downstairs
D:10 Maud


Message History

Two slime creatures merge to form an enormous slime creature.
You hear a shout!
Unknown command.
Unknown command.
Your vampire disappears in a puff of smoke!
Your ufetubus disappears in a puff of smoke! x2
Your thrashing horror tramples the cacodemon.
The cacodemon holds its ground!
Your thrashing horror closely misses the cacodemon.
Your thrashing horror tramples the large abomination.
The large abomination holds its ground!
Your thrashing horror tramples the large abomination.
The large abomination holds its ground!
Some rock shatters into small pieces.
Two slime creatures merge to form a titanic slime creature.
A cacodemon and a flying skull come into view.
Unknown command.
Unknown command. 2 large abominations come into view.
The giant eyeball turns its gaze towards you.
The Executioner gestures at you.
You are unaffected.
Your thrashing horror tramples the cacodemon.
The cacodemon is shoved backwards!
The Executioner hits you! The Executioner completely misses you.
The Executioner hits you but does no damage.
The golden eye blinks!
The cacodemon completely misses you. The cacodemon barely misses you.
The cacodemon gestures next to you.
The damaged grate falls apart.
The giant eyeball's stare focuses on you.
The giant orange brain pulsates.
You resist with almost no effort.
Your thrashing horror appears confused. 2 large abominations come into view.
You touch the large abomination but do no damage.
The Executioner hits you! The Executioner closely misses you. x3
The Executioner completely misses you. The Executioner hits you.
Your thrashing horror tramples the large abomination but does no damage.
Your thrashing horror tramples the large abomination.
The large abomination holds its ground!
The flying skull hits you!
The large abomination moves out of view.
The cacodemon hits you.
The cacodemon hits you but does no damage.
The large abomination hits you!
The titanic slime creature barely misses your thrashing horror.
The giant eyeball seems to glare at you.
The large abomination barely misses you. 2 large abominations come into view.
Unknown command.
Unknown command.
You feel better. The Executioner hits you!
The Executioner hits you but does no damage.
The Executioner misses you.
Your thrashing horror tramples the large abomination!
The large abomination stumbles backwards!
The Executioner hits you.
The Executioner hits you but does no damage. x2
The golden eye blinks!
The Executioner completely misses you.
The Executioner hits you but does no damage.
The Executioner hits you. The flying skull misses you.
The large abomination moves out of view.
The large abomination misses you.
The cacodemon hits you but does no damage.
The cacodemon hits you.
Your thrashing horror barely misses the slime creature.
Your thrashing horror tramples the slime creature!
The slime creature holds its ground!
The large abomination moves out of view.
The titanic slime creature hits your thrashing horror!!!!
Your thrashing horror is destroyed!
The golden eye blinks at you. You resist with some effort.
A small abomination and a large abomination come into view.
Unknown command.
Unknown command.
Unknown command.
Okay, then.
You are confused.
You feel invigorated. The Executioner hits you!!
You die...

You could see 3 cacodemons, an Executioner, a titanic slime creature, a very large slime creature, a slime creature, a shining eye, a giant orange brain, 13 large abominations, 4 small abominations, 2 flying skulls, a giant eyeball and a golden eye.

Vanquished Creatures
  Norris (Spider:4)
  Arachne (Spider:4)
  An Ice Fiend (IceCv)
  Gastronok (Lair:1)
  Donald (Spider:4)
  2 ghost moths
  6 emperor scorpions
  A spark wasp (Spider:4)
  A merfolk impaler (Shoals:1)
  The ghost of Hipnos the Earth Mage, a journeyman GrEE of Vehumet (IceCv)
  A fire dragon (Lair:8)
  4 entropy weavers
  4 hydras
  Harold (Lair:1)
  A catoblepas (Lair:7)
  A merfolk aquamancer (Shoals:3)
  4 death yaks (Lair:7)
  4 sea snakes
  A shadow wraith (Abyss:2)
  A hill giant (D:9)
  Pikel (D:7)
  5 harpies (Shoals:3)
  4 fauns (Shoals:3)
  16 orb spiders
  9 hornets
  An ugly thing (D:9)
  2 manticores
  8 griffons
  20 wolf spiders
  10 elephants
  Joseph (D:7)
  2 moths of wrath (Spider:4)
  3 black mambas
  2 sirens
  A torpor snail (Spider:2)
  3 water nymphs
  13 spiny frogs
  2 ice statues (IceCv)
  2 komodo dragons
  2 rime drakes (Lair:4)
  14 ice devils (IceCv)
  11 demonic crawlers
  4 merfolk
  A troll (D:8)
  27 jumping spiders
  2 harpy zombies (Shoals:2)
  2 snapping turtles (Shoals:2)
  2 boulder beetles
  14 blink frogs
  2 griffon zombies (Shoals:2)
  51 redbacks
  A spriggan (Lair:4)
  8 water elementals
  26 yaks
  9 basilisks
  5 tarantellas
  5 wyverns
  Grum (D:8)
  7 steam dragons
  7 hippogriffs
  A hungry ghost (D:9)
  A mottled dragon (Lair:8)
  10 water moccasins
  2 large abominations (Abyss:2)
  2 swamp drakes (Lair:8)
  6 porcupines
  2 orc warriors
  7 wasps
  4 slaves (D:7)
  4 ice beasts
  2 ogres
  8 wolves (D:8)
  A centaur (D:9)
  14 crocodiles
  13 giant frogs
  A wyvern skeleton (D:9)
  A water moccasin skeleton (D:6)
  A hippogriff zombie (Shoals:2)
  6 killer bees
  10 scorpions
  5 wights (D:9)
  11 electric eels
  3 centaur zombies (Ossuary)
  4 crimson imps
  A giant frog zombie (D:9)
  7 hounds
  A jelly (D:8)
  2 human zombies (Ossuary)
  A centaur skeleton (D:4)
  4 orc priests
  A giant frog skeleton (D:8)
  6 orc wizards
  11 worker ants
  6 iguanas
  A killer bee zombie (D:6)
  14 sheep
  A big kobold zombie (Ossuary)
  2 hound skeletons
  3 mummies (Ossuary)
  A worker ant zombie (D:7)
  A howler monkey zombie (D:8)
  4 adders
  32 river rats
  3 scorpion zombies (Ossuary)
  A shadow imp (D:9)
  4 white imps (IceCv)
  10 ufetubi (IceCv)
  An ooze (D:5)
  2 adder skeletons
  A dart slug (D:1)
  2 giant geckos
  22 orcs
  A bat (D:3)
  5 giant cockroaches
  2 gnoll zombies (Ossuary)
  A goblin (D:3)
  A hobgoblin (D:1)
  8 jackals
  2 quokkas
  A giant gecko skeleton (D:5)
  4 giant newts
  2 goblin zombies (Ossuary)
  A hobgoblin zombie (Ossuary)
  5 kobold zombies (Ossuary)
  An orc zombie (Ossuary)
  2 quokka skeletons
  7 fungi
  13 plants
664 creatures vanquished.

Vanquished Creatures (collateral kills)
  A ghost moth (Spider:4)
  A big kobold (D:9)
  A crimson imp (D:9)
  An adder zombie (D:9)
4 creatures vanquished.

Vanquished Creatures (others)
  A scorpion (Ossuary)
  A human zombie (Ossuary)
  3 ufetubi (IceCv)
  5 fungi
  4 plants
14 creatures vanquished.

Grand Total: 682 creatures vanquished

Action                   |  1- 3 |  4- 6 |  7- 9 | 10-12 | 13-15 | 16-18 || total
-------------------------+-------+-------+-------+-------+-------+-------++-------
Melee: Unarmed           |     3 |    11 |       |       |       |     1 ||    15
       Dagger            |       |       |    11 |       |       |       ||    11
       Whip              |       |       |     1 |     5 |       |       ||     6
       Staff             |       |       |       |       |     1 |       ||     1
 Cast: Flame Tongue      |    18 |     7 |   101 |       |       |       ||   126
       Conjure Flame     |     1 |    10 |    12 |     7 |     1 |       ||    31
       Sticky Flame      |       |     1 |    16 |    31 |    30 |     2 ||    80
       Inner Flame       |       |     1 |     6 |    14 |    18 |     3 ||    42
       Fireball          |       |       |    24 |   210 |   355 |    40 ||   629
       Delayed Fireball  |       |       |       |     1 |     5 |       ||     6
       Bolt of Fire      |       |       |       |     6 |    40 |    17 ||    63
       Throw Icicle      |       |       |       |       |    58 |       ||    58
       Blink             |       |       |       |       |    17 |     5 ||    22
       Iron Shot         |       |       |       |       |     8 |       ||     8
       Apportation       |       |       |       |       |     6 |     7 ||    13
Invok: Channel Energy    |       |       |    61 |   361 |   568 |    69 ||  1059
 Abil: Release Delayed F |       |       |       |       |     5 |     1 ||     6
Evoke: Wand              |     3 |     3 |    22 |     1 |     1 |     1 ||    31
       Box of beasts     |       |       |       |     2 |     3 |       ||     5
  Use: Scroll            |       |       |     7 |    24 |    19 |     4 ||    54
       Potion            |       |       |     5 |     1 |    14 |     2 ||    22
 Stab: Paralysed         |       |       |    11 |       |       |       ||    11
  Eat: Bread ration      |       |       |     1 |       |     4 |       ||     5
       Chunk             |       |       |    13 |    74 |    66 |    12 ||   165
       Fruit             |       |       |     1 |       |     6 |     1 ||     8
       Meat ration       |       |       |     1 |     2 |     2 |       ||     5
       Beef jerky        |       |       |       |       |     2 |       ||     2
Armor: Robe              |       |     5 |     3 |     1 |     4 |       ||    13
       Troll leather arm |       |       |       |    17 |   114 |    23 ||   154
       Skin              |       |       |       |       |       |    12 ||    12
Dodge: Dodged            |     5 |     7 |    36 |    50 |   128 |    37 ||   263
Block: Buckler           |       |       |       |       |   106 |    11 ||   117

Vault maps used:
D:1:      lemuel_arrival_funnel
D:2:      uniq_jessica
D:3:      nicolae_overflow_crystal_walls, first_bread, ecumenical_altar_1
D:4:      lemuel_doored_altar, minitemple, minmay_temple_entry_grid,
          serial_shops, shop, shop
D:5:      hangedman_decor_clover_reticule, minmay_misc_feat_tiny
D:6:      kiku_gazebo_garden_becter, lightli_ossuary_entry_decrepit_ruins,
          guppyfry_shop_venom
D:7:      kennysheep_steamy, nicolae_gozag_cash_rules_everything_around_me,
          kennysheep_mini, serial_shops, shop, minmay_misc_feat_encased,
          uniq_pikel, uniq_joseph
D:8:      lemuel_crystal_altar, amethyst_overflow_temple_binary,
          erik_lair_island, uniq_erica, uniq_grum
D:9:      kennysheep_windowed_halls, tso_oasis_becter, kennysheep_little_box,
          kennysheep_mini_moat
D:10:     orc_0_dummy, uniq_maud, uniq_josephine
Temple:   corrupted_temple
Lair:1:   uniq_gastronok, uniq_harold
Lair:2:   wad_woods_road_05
Lair:3:   shoals_dummy_entry, minivault_27, nicolae_quartered_pool_super,
          hibernation_bobbens
Lair:4:   spider_nest_entry_funnel_web, wad_woods_03
Lair:5:   lemuel_fruit_fields
Lair:6:   grunt_megastairs_1, lemuel_fruit_tree
Lair:7:   beast_lair_carwin_6, grunt_megastairs_5, serial_bayou_shore_a,
          serial_bayou_shore_b, infiniplex_staircase_pool
Lair:8:   hangedman_lair_in_review, guppyfry_lair_end_dragon, slime_altar_1
Shoals:1: portal_ice_cave_entry_pillars_1
Shoals:2: nicolae_shoals_undead_eyrie
Shoals:4: shoals_end_grunt_ice, shoals_ilsuiw_alternative,
          nicolae_shoals_dead_sea_scrolls
Spider:4: guppyfry_spider_rune, uniq_norris, uniq_arachne, uniq_donald
Abyss:3:  hangedman_abyss_rune_macabre_mess
Ossuary:  ossuary_minmay_scorpions
IceCv:    ice_cave_small_demon
